 Dungeon Crawl Stone Soup version 0.31-a0-37-g98a128e1d9 (webtiles) character file.

Game seed: 9019124418552518326

114 Nedwor the Cutter (level 4, -2/34 HPs)
             Began as a Demonspawn Gladiator on May 15, 2023.
             Succumbed to an orc's poison
             ... on level 3 of the Dungeon.
             The game lasted 00:02:39 (2129 turns).

Nedwor the Cutter (Demonspawn Gladiator)            Turns: 2129, Time: 00:02:40

Health: -2/34      AC: 30    Str: 17    XL:     4   Next: 67%
Magic:  4/4        EV:  8    Int:  9    God:
Gold:   101        SH:  0    Dex: 14    Spells: 3/3 levels left

rFire   . . .        u - +2 dagger (vamp)
rCold   . . .        (no shield)
rNeg    . . .        i - +18 Lear's hauberk
rPois   .            (helmet currently unavailable)
rElec   .            (no cloak)
rCorr   .            (gloves currently unavailable)
SInv    .            (boots currently unavailable)
Will    .....        (no amulet) Stlth
                     o - +4 ring of protection
HPRegen 0.25/turn    (no ring)
MPRegen 0.09/turn

%: no passive effects
@: lethally poisoned (-2 -> -26)
A: hooves 1, powered by pain 1
a: no special abilities


You were on level 3 of the Dungeon.
You visited 1 branch of the dungeon, and saw 3 of its levels.

You collected 101 gold pieces.

Inventory:

Hand Weapons
 u - a +2 vampiric dagger (weapon)
Missiles
 d - 3 throwing nets (quivered)
 e - a javelin
Armour
 b - a +0 leather armour
 i - the +18 Lear's hauberk (worn)
   (You found it on level 2 of the Dungeon)
Jewellery
 o - a +4 ring of protection (left hand)
 s - a ring of protection from cold
 t - a ring of protection from cold
Scrolls
 c - a scroll of immolation {unknown}
 f - a scroll of enchant weapon {unknown}
 h - 5 scrolls of teleportation {unknown}
 j - 2 scrolls of brand weapon {unknown}
 l - a scroll of magic mapping {unknown}
 m - a scroll of poison {unknown}
 n - 2 scrolls of identify {unknown}
 p - a scroll of noise {unknown}
Potions
 g - a potion of might {unknown}
 k - 2 potions of flight {unknown}
 q - a potion of berserk rage {unknown}
 r - a potion of brilliance {unknown}


   Skills:
 + Level 2.7 Fighting
 * Level 3.8 Short Blades
 - Level 1.7 Throwing
 + Level 1.5 Armour
 + Level 3.2 Dodging


You had 3 spell levels left.
You didn't know any spells.
Your spell library contained the following spells:

 Spells                   Type           Power      Damage    Failure   Level
 Magic Dart               Conj           0%         1d3       99%         1
 Searing Ray              Conj           0%         2d4       100%        2
 Anguish                  Hex/Necr       0%         N/A       100%        4
 Cause Fear               Hex            0%         N/A       100%        4
 Fulminant Prism          Conj/Hex       0%         3d5       100%        4
 Enfeeble                 Hex            0%         N/A       100%        7


Dungeon Overview and Level Annotations

Branches:
Dungeon (3/15)

Altars:


Innate Abilities, Weirdness & Mutations

You have large cloven feet.
You sometimes gain a little power by taking damage.


Message History

You are too injured to fight recklessly!
You are too injured to fight recklessly!
You are too injured to fight recklessly!
You are too injured to fight recklessly!
You are too injured to fight recklessly!
You are too injured to fight recklessly!
You are too injured to fight recklessly!
You are too injured to fight recklessly!
You are too injured to fight recklessly!
You are too injured to fight recklessly!
You are too injured to fight recklessly!
You are too injured to fight recklessly!
You are too injured to fight recklessly!
You hit the orc.
You feel better.
Your kick misses the orc.
The orc is moderately wounded.
You feel very sick. The orc barely misses you.
You hit the orc but do no damage.
The orc is moderately wounded.
You feel very sick. The orc hits you but does no damage.
You are lethally poisoned!
You hit the orc but do no damage.
The orc is moderately wounded.
* * * LOW HITPOINT WARNING * * *
You feel very sick.
You barely miss the orc. You kick the orc.
The orc is severely wounded.
* * * LOW HITPOINT WARNING * * *
You feel very sick. The orc hits you but does no damage.
You closely miss the orc.
The orc is severely wounded.
* * * LOW HITPOINT WARNING * * *
You feel very sick. The orc hits you but does no damage.
You are more poisoned.
You hit the orc but do no damage. Your kick misses the orc.
The orc is severely wounded.
You die...

#####.# #.# #...#.#
####.# #.....# #.....
#...### #.##.# ##.##
########## # #.. #.#
........ #.. #.#
#..... ##. #.#
#.#)###.#.. #. #.#
#..@ol{.... #. #.#
#.#.###.#.# #.
#.##########.#.#B#.#
#.
#........†...#.###.#
#.
############.........
#. #.#.###.#.# #.
#..... ...# # #.
#.###...?. #. #. #.#
##. #..##.


You could see an iguana, an orc and a giant cockroach.

Vanquished Creatures
  2 adders (D:3)
  3 worms
  2 dart slugs (D:2)
  7 orcs
  8 ball pythons
  5 bats
  5 endoplasms
  2 giant cockroaches (D:1)
  8 goblins
  8 hobgoblins
  8 quokkas
  6 frilled lizards
  4 kobolds
  3 rats
71 creatures vanquished.

Notes
Turn   | Place    | Note
-------+----------+-------------------------------------------
     0 | D:1      | Nedwor the Demonspawn Gladiator began the quest for the
                  | Orb.
     0 | D:1      | Reached XP level 1. HP: 16/16 MP: 1/1
   104 | D:1      | Discovered your monstrous ancestry.
   104 | D:1      | Gained mutation: You have large cloven feet. [demonic
                  | ancestry]
   104 | D:1      | Reached XP level 2. HP: 22/22 MP: 2/2
   535 | D:1      | Reached skill level 1 in Armour
   535 | D:1      | Gained mutation: You sometimes gain a little power by
                  | taking damage. [demonic ancestry]
   535 | D:1      | Reached XP level 3. HP: 20/28 MP: 3/3
   907 | D:2      | Found the +18 Lear's hauberk
  1579 | D:3      | Reached XP level 4. HP: 34/34 MP: 4/4
  1916 | D:3      | Found a faded altar of an unknown god.
  2129 | D:3      | Succumbed to an orc's poison

Illustrated notes

Levels and vault maps discovered:
D:1:      amcnicky_arrival_underground_garden, layout_loops_ring,
          nicolae_concentric_dashed_squares_wild, grunt_decor_resistance,
          minmay_tetromino_i2
D:2:      layout_loops_ring
D:3:      layout_loops_ring, basic_ecumenical_altar, minmay_surrounded

Skill      XL: |  1  2  3 |
---------------+----------+-----
Short Blades   | 3 |  3.8
Armour         | 1 |  1.5
Dodging        | 3 |  3.2
Fighting       | |  2.7
Throwing       | |  1.7

Action                     |  1- 3 |  4- 6 || total
---------------------------+-------+-------++-------
  Melee: Rapier            |   153 |    46 ||   199
         Kick              |    37 |    26 ||    63
         Dagger            |       |    42 ||    42
 Armour: Leather armour    |    34 |       ||    34
         Chain mail        |    37 |    54 ||    91
  Dodge: Dodged            |    87 |    35 ||   122

Table legend: (Time is in decaauts)
 A = Elapsed time spent in this place.
 B = Non-inter-level travel time spent in this place.
 C = Inter-level travel time spent in this place.
 D = Time resting spent in this place.
 E = Time spent auto-exploring this place.
 F = Levels seen in this place.
 G = Mean time per level.
                   A        B        C        D        E       F      G
               +--------+--------+--------+--------+--------+-----+--------+
         Total |   2127 |   2057 |     70 |     42 |   1562 |   3 |  709.0 |
       Dungeon |   2127 |   2057 |     70 |     42 |   1562 |   3 |  709.0 |
               +--------+--------+--------+--------+--------+-----+--------+

Top non-repeatable levels by time:
     D:1: 906 daAuts
     D:2: 655 daAuts
     D:3: 565 daAuts
